 Dungeon Crawl Stone Soup version 0.28.0-1-gb440e238dd (webtiles) character file.

Game seed: 14144543420180297324

104 Morbidden the Skirmisher (level 4, -1/36 HPs)
             Began as a Demonspawn Fighter on Feb 21, 2022.
             Slain by Grinder (3 damage)
             ... while paralysed by Grinder
             ... on level 3 of the Dungeon.
             The game lasted 00:01:29 (2364 turns).

Morbidden the Skirmisher (Demonspawn Fighter)       Turns: 2364, Time: 00:01:30

Health: -1/36      AC:  6    Str: 18    XL:     4   Next: 52%
Magic:  4/4        EV:  2    Int: 10    God:
Gold:   80         SH:  0    Dex: 12    Spells: 3/3 levels left

rFire   . . .      SeeInvis .   a - +0 long sword
rCold   . . .      Faith    .   c - +0 buckler
rNeg    . . .      Spirit   .   b - +0 scale mail
rPois   .          Reflect  .   (no helmet)
rElec   .          Harm     .   (no cloak)
rCorr   .          Rampage  .   (no gloves)
Will    .....                   (no boots)
Stlth   ..........              (no amulet)
HPRegen 0.12/turn               (no ring)
MPRegen 0.18/turn               (no ring)

@: paralysed, mighty
A: hooves 1, magic regeneration
a: no special abilities


You were on level 3 of the Dungeon.
You visited 1 branch of the dungeon, and saw 3 of its levels.

You collected 80 gold pieces.

Inventory:

Hand Weapons
 a - a +0 long sword (weapon)
Missiles
 i - a throwing net (quivered)
Armour
 b - a +0 scale mail (worn)
 c - a +0 buckler (worn)
Scrolls
 e - 2 scrolls of identify {unknown}
 f - a scroll of amnesia {unknown}
 k - a scroll of teleportation {unknown}
 l - a scroll of blinking {unknown}
Potions
 g - a potion of ambrosia {unknown}
 h - 2 potions of degeneration {unknown}
 j - a potion of heal wounds {unknown}


   Skills:
 * Level 3.6 Fighting
 * Level 2.9 Long Blades
 + Level 3.5 Armour
 + Level 0.1 Dodging
 + Level 0.1 Stealth
 + Level 3.0 Shields


You had 3 spell levels left.
You didn't know any spells.
Your spell library contained the following spells:

 Spells                   Type           Power      Damage    Failure   Level
 Ensorcelled Hibernation  Hex/Ice        0%         N/A       93%         2
 Inner Flame              Hex/Fire       0%         N/A       99%         3
 Summon Guardian Golem    Hex/Summ       0%         N/A       99%         3
 Leda's Liquefaction      Hex/Erth       0%         N/A       100%        4
 Passage of Golubria      Tloc           0%         N/A       100%        4
 Lee's Rapid Deconstruct  Erth           0%         3d5*      100%        5
 Silence                  Hex/Air        0%         N/A       100%        5
 Statue Form              Tmut/Erth      0%         N/A       100%        6
 Lehudib's Crystal Spear  Conj/Erth      0%         10d2      100%        8


Dungeon Overview and Level Annotations

Branches:
Dungeon (3/15)

Altars:

Annotations:
D:3 Grinder


Innate Abilities, Weirdness & Mutations

You have large cloven feet.
You regenerate magic rapidly.


Message History

The kobold hits you with a +0 short sword.
Grinder gestures at you.
You suddenly lose the ability to move!
The kobold hits you with a +0 short sword.
Grinder hits you but does no damage. The kobold hits you but does no damage.
Grinder hits you but does no damage. The kobold hits you but does no damage.
Grinder hits you but does no damage.
The kobold hits you with a +0 short sword.
Grinder gestures at you. Pain shoots through your body!
The kobold barely misses you.
Grinder blinks!
You can move again.
You slash Grinder!
Grinder is severely wounded.
The kobold hits you but does no damage. Grinder hits you.
You writhe in agony.
* * * LOW HITPOINT WARNING * * *
You barely miss Grinder. You kick Grinder, but do no damage.
Grinder is severely wounded.
You block the kobold's attack. Grinder barely misses you.
Unknown command.
You closely miss Grinder. Your kick misses Grinder.
Grinder is severely wounded.
You block the kobold's attack. Grinder barely misses you.
The kobold closely misses you.
You barely miss Grinder. You kick Grinder.
Grinder is severely wounded.
You block Grinder's attack. The kobold barely misses you.
Grinder gestures at you. Pain shoots through your body!
* * * LOW HITPOINT WARNING * * *
You hit Grinder but do no damage. You kick Grinder!
Grinder is almost dead.
You block the kobold's attack. Grinder gestures at you.
You suddenly lose the ability to move!
The kobold hits you with a +0 short sword.
* * * LOW HITPOINT WARNING * * *
Grinder barely misses you. The kobold hits you but does no damage.
Grinder hits you.
You die...

### #<# #.# #.#
#############.#
#.......gK@5..#
###'###########.#
#......# #.#
#......##### ###
#...........
#......#####
#........#
##.5.....#
#.......#


You could see Grinder, a goblin and a kobold.

Vanquished Creatures
  A hound (D:3)
  3 gnolls (D:2)
  2 dart slugs
  5 bats
  7 endoplasms
  A giant cockroach (D:1)
  4 goblins
  4 hobgoblins
  3 kobolds (D:1)
  2 ball pythons
  2 frilled lizards
  6 rats
40 creatures vanquished.

Notes
Turn   | Place    | Note
-------+----------+-------------------------------------------
     0 | D:1      | Morbidden the Demonspawn Fighter began the quest for the
                  | Orb.
     0 | D:1      | Reached XP level 1. HP: 18/18 MP: 1/1
    37 | D:1      | You fall into a shaft and drop 1 floor!
   246 | D:2      | Gained mutation: You have large cloven feet. [demonic
                  | ancestry]
   246 | D:2      | Reached XP level 2. HP: 24/24 MP: 2/2
   404 | D:1      | Found a faded altar of an unknown god.
   823 | D:1      | Got the Catalogue of Fascination
   829 | D:1      | Reached XP level 3. HP: 29/29 MP: 3/3
  1801 | D:2      | Gained mutation: You regenerate magic rapidly. [demonic
                  | ancestry]
  1801 | D:2      | Reached XP level 4. HP: 28/35 MP: 4/4
  2325 | D:3      | Noticed Grinder
  2352 | D:3      | Paralysed by Grinder for 6 turns
  2362 | D:3      | Paralysed by Grinder for 5 turns
  2364 | D:3      | Slain by Grinder

Illustrated notes

Levels and vault maps discovered:
D:1:      lightli_arrival_lavapool, layout_rooms, ebering_ecumenical_altar_rust
D:2:      layout_loops_corners, chequers_serial_rivers_micro_a
D:3:      layout_basic, roderic_roman_lattice, uniq_natasha, uniq_grinder

Skill      XL: |  1  2  3  4 |
---------------+-------------+-----
Armour         | 3 |  3.5
Long Blades    | 2 |  2.9
Shields        | 3 |  3.0
Fighting       | |  3.6
Dodging        | |  0.1
Stealth        | |  0.1

Action                   |  1- 3 |  4- 6 || total
-------------------------+-------+-------++-------
Melee: Long sword        |    91 |    21 ||   112
       Kick              |    19 |     4 ||    23
  Use: Potion            |       |     1 ||     1
Armor: Scale mail        |    46 |    29 ||    75
Dodge: Dodged            |    35 |    14 ||    49
Block: Buckler           |    14 |    15 ||    29
